 Dungeon Crawl Stone Soup version 0.21-a0-113-g6841d05 (webtiles) character file.

72 Gorglomux the Grave Robber (level 4, 0/38 HPs)
             Began as a Hill Orc Necromancer on July 12, 2017.
             Slain by a centaur (7 damage)
             ... on level 3 of the Dungeon.
             The game lasted 00:05:22 (3587 turns).

Gorglomux the Grave Robber (Hill Orc Necromancer)   Turns: 3587, Time: 00:05:23

Health: 0/38       AC:  4    Str: 10    XL:     4   Next: 26%
Magic:  1/6        EV: 17    Int: 20    God:
Gold:   125        SH:  0    Dex: 16    Spells: 2/6 levels left

rFire    . . .     SeeInvis .     - Unarmed
rCold    . . .     Gourm    .   (no shield)
rNeg     . . .     Faith    .   a - +1 robe
rPois    .         Spirit   .   (no helmet)
rElec    .         Reflect  .   (no cloak)
rCorr    .         Harm     .   v - +0 pair of gloves
MR       .....                  (no boots)
Stlth    +++.......             (no amulet)
HPRegen  1.12/turn              r - +4 ring of intelligence
MPRegen  0.10/turn              (no ring)

@: agile, regenerating
A: no striking features
a: no special abilities


You were on level 3 of the Dungeon.
You were not hungry.

You visited 1 branch of the dungeon, and saw 3 of its levels.

You collected 125 gold pieces.

Inventory:

Armour
 a - a +1 robe (worn)
 v - a +0 pair of gloves (worn)
Jewellery
 r - a +4 ring of intelligence (left hand)
Scrolls
 g - a scroll of teleportation {unknown}
 h - 5 scrolls of enchant armour
 j - 3 scrolls of identify {unknown}
 n - 2 scrolls of fear {unknown}
 p - a scroll of amnesia {unknown}
 u - 2 scrolls of magic mapping {unknown}
 y - a scroll of enchant weapon {unknown}
Potions
 k - a potion of agility
 m - a potion of flight {unknown}
 s - a potion of ambrosia {unknown}
 x - a potion of might {unknown}
Books
 b - a book of Necromancy

   Spells                             Type                      Level
   a - Pain                           Necromancy                   1
   b - Animate Skeleton               Necromancy                   1
   c - Vampiric Draining              Necromancy                   3
   d - Regeneration                   Charms/Necromancy            3
   e - Animate Dead                   Necromancy                   4
   f - Control Undead                 Necromancy                   4
Comestibles
 c - 3 bread rations
 l - a royal jelly


   Skills:
 + Level 3.1 Fighting
 - Level 1.5 Dodging
 - Level 1.5 Stealth
 + Level 2.7 Unarmed Combat
 - Level 1.5 Spellcasting
 - Level 4.0 Necromancy


You had 2 spell levels left.
You knew the following spells:

 Your Spells              Type           Power        Failure   Level  Hunger
a - Pain                  Necr           ###.         3%          1    #......
R - Regeneration          Chrm/Necr      #.........   22%         3    ###....


Dungeon Overview and Level Annotations

Branches:
Dungeon (3/15)

Altars:
The Shining One


Message History

The centaur barely misses you.
Casting: Regeneration
Confirm with . or Enter, or press ? or * to list all spells.
Aiming: Pain
Press: ? - help, Shift-Dir - straight line, f - centaur
Aim: a centaur (chance to defeat MR: 76%)
The centaur writhes in agony!
The centaur barely misses you. The centaur hits you!
* * * LOW HITPOINT WARNING * * *
Casting: Pain
Confirm with . or Enter, or press ? or * to list all spells.
Aiming: Pain
Press: ? - help, Shift-Dir - straight line, f/p - centaur
Aim: a centaur (moderately wounded, chance to defeat MR: 76%)
The centaur writhes in agony!
The centaur hits you.
* * * LOW HITPOINT WARNING * * *
It was a potion of agility.
You feel agile all of a sudden. The centaur hits you!
You die...

##..... #.# ##...#
#.# ##'## #.# #.# #!#
#.# #.# ##.## #.#
####...# #####.#####
#....... #..c@.(...#
#.##....
#.###(###.####.#...#.
#.........(......
#####.####.......
...# #.......
########.#...#.
#..............
#.######.###.## #.#
#.# #.#


You could see a centaur.

Vanquished Creatures
  An adder zombie (D:3)
  2 worms
  2 dart slugs (D:2)
  A leopard gecko (D:2)
  2 orcs (D:3)
  2 ball pythons
  3 giant cockroaches
  6 goblins
  8 hobgoblins
  12 kobolds
  6 bats
  6 frilled lizards
  3 rats
54 creatures vanquished.

Notes
Turn   | Place    | Note
-------+----------+-------------------------------------------
     0 | D:1      | Gorglomux the Hill Orc Necromancer began the quest for the Orb.
     0 | D:1      | Reached XP level 1. HP: 14/14 MP: 3/3
   294 | D:1      | Reached skill level 1 in Fighting
   393 | D:1      | Reached skill level 1 in Unarmed Combat
   393 | D:1      | Reached XP level 2. HP: 11/23 MP: 0/4
  1484 | D:2      | Reached XP level 3. HP: 14/29 MP: 0/5
  1578 | D:1      | Learned a level 3 spell: Regeneration
  2645 | D:3      | Found a glowing golden altar of the Shining One.
  2967 | D:3      | Reached XP level 4. HP: 33/37 MP: 6/6
  3101 | D:3      | Reached skill level 3 in Fighting
  3579 | D:3      | Noticed a centaur
  3587 | D:3      | Slain by a centaur

Vault maps used:
D:1:      matt_arrival_diagonals
D:3:      nicolae_tso_swordbearing_angel, first_bread

Skill      XL: |  1  2  3  4 |
---------------+-------------+-----
Fighting       | 1 2 3 |  3.1
Unarmed Combat | 1 2 |  2.7
Dodging        | |  1.5
Stealth        | |  1.5
Spellcasting   | |  1.5
Necromancy     | |  4.0

Action                   |  1- 3 |  4- 6 || total
-------------------------+-------+-------++-------
Melee: Unarmed           |   109 |    38 ||   147
       Punch             |     1 |       ||     1
 Cast: Pain              |    76 |    12 ||    88
       Regeneration      |     1 |     1 ||     2
  Use: Scroll            |     2 |       ||     2
       Potion            |       |     1 ||     1
  Eat: Chunk             |     9 |     2 ||    11
Armor: Robe              |    14 |    16 ||    30
Dodge: Dodged            |    74 |    25 ||    99
